 Dungeon Crawl Stone Soup version 0.29-a0-648-g6b26cc9f40 (webtiles) character file.

Game seed: 10193346089708038156

196 Locuples the Covert (level 6, -18/36 HPs)
             Began as a Kobold Brigand on June 20, 2022.
             Demolished by an ogre
             ... wielding a +0 giant spiked club
              (24 damage)
             ... on level 4 of the Dungeon.
             The game lasted 00:05:18 (3562 turns).

Locuples the Covert (Kobold Brigand)                Turns: 3562, Time: 00:05:19

Health: -18/36     AC:  3    Str: 11    XL:     6   Next: 4%
Magic:  6/6        EV: 14    Int: 12    God:
Gold:   77         SH:  0    Dex: 16    Spells: 5/5 levels left

rFire   . . .      SeeInvis .   l - +2 dagger (freeze)
rCold   . . .      Faith    .   (no shield)
rNeg    . . .      Spirit   .   b - +0 robe
rPois   .          Reflect  .   (no helmet)
rElec   .          Harm     .   c - +0 cloak
rCorr   .          Rampage  .   (no gloves)
Will    .....                   (no boots)
Stlth   +++++.....              (no amulet)
HPRegen 0.12/turn               (no ring)
MPRegen 0.10/turn               (no ring)

@: no status effects
A: small, no large weapons, nightstalker 3
a: no special abilities


You were on level 4 of the Dungeon.
You visited 1 branch of the dungeon, and saw 4 of its levels.

You collected 77 gold pieces.

Inventory:

Hand Weapons
 a - a +3 dagger
 l - a +2 dagger of freezing (weapon)
Missiles
 d - 9 poisoned darts (quivered)
 e - 4 curare-tipped darts
 o - 3 atropa-tipped darts
Armour
 b - a +0 robe (worn)
 c - a +0 cloak (worn)
 t - a +0 pair of boots
Jewellery
 s - a +6 ring of intelligence
Scrolls
 f - 5 scrolls of identify {unknown}
 j - 2 scrolls of amnesia {unknown}
 k - 2 scrolls of blinking {unknown}
 m - a scroll of brand weapon {unknown}
 n - a scroll of enchant armour {unknown}
 p - a scroll of poison {unknown}
 q - 2 scrolls of teleportation {unknown}
Potions
 g - 3 potions of brilliance {unknown}
 h - a potion of heal wounds {unknown}
 i - 4 potions of curing {unknown}
 r - a potion of lignification {unknown}


   Skills:
 + Level 2.6 Fighting
 * Level 3.7 Short Blades
 - Level 2.1 Throwing
 + Level 1.5 Dodging
 * Level 8.7 Stealth


You had 5 spell levels left.
You didn't know any spells.
Your spell library was empty.

Dungeon Overview and Level Annotations

Branches:
Dungeon (4/15)
 Temple: D:4-7

Altars:
Kikubaaqudgha
Wu Jian

Shops:
D:1 :


Innate Abilities, Weirdness & Mutations

You are small and have problems with some larger weapons.
You are completely attuned to the shadows.


Message History

You hit the bat zombie.
You destroy the bat zombie!
Found an ancient bone altar of Kikubaaqudgha.
A dart slug comes into view.
Found a pair of boots.
The helpless dart slug fails to defend itself.
You stick the dart slug like a pincushion!!!
You freeze the dart slug.
You kill the dart slug!
An ogre and 2 gnolls come into view.
Found a scroll labelled KOOLUAWAQI.
You see here a +0 pair of boots.
t - a +0 pair of boots A gnoll comes into view.
It is wielding a +0 spear.
The gnoll shouts!
The ogre shouts!
The gnoll shouts!
You open the door.
There is an open door here.
Found an ornate altar of the Wu Jian Council.
You hit the ogre. You freeze the ogre.
The ogre is moderately wounded.
The ogre closely misses you.
You hit the ogre. You freeze the ogre.
The ogre is moderately wounded.
You hit the ogre. You freeze the ogre.
The ogre is heavily wounded.
The ogre hits you with a +0 giant spiked club!
You hit the ogre. You freeze the ogre.
The ogre is severely wounded.
You barely miss the ogre.
The ogre is severely wounded.
The ogre hits you with a +0 giant spiked club!
* * * LOW HITPOINT WARNING * * *
You barely miss the ogre.
The ogre is severely wounded.
You hit the ogre. You freeze the ogre.
The ogre is almost dead.
The ogre hits you with a +0 giant spiked club!!
Ouch! That really hurt!
You die...

..^.....#....<......
...................
.....###.####......
.....# #.# #>.##..#
.....# #.# #..#...
.....###.###......
##...#≈...≈#......
###.#≈...≈#..#####..
###≈...≈#.ggO@..._
#≈...≈#..#####..
#≈...≈#...gg.#
#≈...≈#....g..
#≈...≈#.......
#≈...≈#?....##
###.###...... #.#
#_#


You could see an ogre and 2 gnolls.

Vanquished Creatures
  A kobold brigand (D:3)
  A howler monkey (D:4)
  2 adders (D:3)
  2 worms
  3 dart slugs
  4 orcs (D:2)
  4 ball pythons
  4 bats
  A bat zombie (D:4)
  10 endoplasms
  3 giant cockroaches
  3 goblins
  3 hobgoblins
  A quokka (D:2)
  8 frilled lizards
  7 kobolds
  7 rats
64 creatures vanquished.

Notes
Turn   | Place    | Note
-------+----------+-------------------------------------------
     0 | D:1      | Locuples the Kobold Brigand began the quest for the Orb.
     0 | D:1      | Reached XP level 1. HP: 12/12 MP: 1/1
   108 | D:1      | Reached XP level 2. HP: 17/17 MP: 2/2
   205 | D:1      | Reached skill level 6 in Stealth
   267 | D:1      | Found Hameas's Book Emporium.
   811 | D:1      | Reached XP level 3. HP: 22/22 MP: 3/3
  1646 | D:2      | Reached skill level 7 in Stealth
  1840 | D:2      | Reached XP level 4. HP: 27/27 MP: 4/4
  3086 | D:3      | Found a faded altar of an unknown god.
  3205 | D:3      | Noticed a kobold brigand
  3209 | D:3      | Killed a kobold brigand
  3210 | D:3      | Reached skill level 8 in Stealth
  3210 | D:3      | Reached XP level 5. HP: 31/31 MP: 5/5
  3294 | D:4      | Reached XP level 6. HP: 17/36 MP: 6/6
  3523 | D:4      | Found an ancient bone altar of Kikubaaqudgha.
  3548 | D:4      | Noticed an ogre
  3555 | D:4      | Found an ornate altar of the Wu Jian Council.
  3562 | D:4      | Demolished by an ogre

Illustrated notes

Levels and vault maps discovered:
D:1:      scummos_arrival_checkerplants, layout_loops_corners, serial_shops,
          nicolae_shop_crystal
D:2:      layout_basic
D:3:      layout_basic, chequers_ecumenical_altar_island
D:4:      old_forge, layout_cave_pools, mainiacjoe_overflow_surrounded_room,
          lemuel_zombie_altar_kikubaaqudgha, item_on_display_b, uniq_sigmund

Skill      XL: |  1  2  3  4 |
---------------+-------------+-----
Stealth        | 6 7 8 |  8.7
Short Blades   | 3 |  3.7
Fighting       | |  2.6
Throwing       | |  2.1
Dodging        | |  1.5

Action                   |  1- 3 |  4- 6 || total
-------------------------+-------+-------++-------
Melee: Dagger            |    71 |    58 ||   129
 Stab: Sleeping          |    26 |    14 ||    40
       Distracted        |     1 |       ||     1
Armor: Robe              |     7 |    10 ||    17
Dodge: Dodged            |    30 |    19 ||    49

Table legend: (Time is in decaauts)
 A = Elapsed time spent in this place.
 B = Non-inter-level travel time spent in this place.
 C = Inter-level travel time spent in this place.
 D = Time resting spent in this place.
 E = Time spent auto-exploring this place.
 F = Levels seen in this place.
 G = Mean time per level.
                   A        B        C        D        E       F      G
               +--------+--------+--------+--------+--------+-----+--------+
         Total |   3547 |   3547 |      0 |    145 |   2774 |   4 |  886.8 |
       Dungeon |   3547 |   3547 |      0 |    145 |   2774 |   4 |  886.8 |
               +--------+--------+--------+--------+--------+-----+--------+

Top non-repeatable levels by time:
     D:2: 1467 daAuts
     D:1: 1091 daAuts
     D:3: 701 daAuts
     D:4: 287 daAuts
